 Dungeon Crawl Stone Soup version 0.27-a0-25-g087482e4d5 (webtiles) character file.

Game seed: 14455480061952874177

2654 anything the Cleaver (level 9, -2/105 HPs)
             Began as a Hill Orc Monk on Jan 3, 2021.
             Was a Priest of Beogh (penitent).
             Slain by Zartorak the orc warrior
             ... wielding a +2 dagger of protection
              (9 damage)
             ... on level 8 of the Dungeon.
             The game lasted 00:12:53 (8098 turns).

anything the Cleaver (Hill Orc Monk)                Turns: 8098, Time: 00:12:54

Health: -2/105     AC: 24    Str: 17    XL:     9   Next: 62%
Magic:  9/9        EV:  2    Int: 10    God:    Beogh [*]
Gold:   512        SH:  0    Dex: 13    Spells: 8/8 levels left

rFire    . . .     SeeInvis .   q - +0 war axe
rCold    . . .     Faith    .   (no shield)
rNeg     + + +     Spirit   .   (armour currently unavailable)
rPois    +         Reflect  .   (helmet currently unavailable)
rElec    .         Harm     .   (cloak currently unavailable)
rCorr    .         Rampage  .   (gloves currently unavailable)
Will     .....     NoTele   +   (boots currently unavailable)
Stlth    ++........             l - amulet of magic regeneration
HPRegen  0.27/turn              (no ring)
MPRegen  0.36/turn              (no ring)

@: tree-form
A: no striking features
a: Renounce Religion


You were on level 8 of the Dungeon.
You worshipped Beogh.
Beogh was demanding penance.
You were a tree.
You visited 1 branch of the dungeon, and saw 8 of its levels.

You collected 512 gold pieces.

Inventory:

Hand Weapons
 a - a +0 hand axe
 h - a +0 scythe
 q - a +0 war axe (weapon)
 F - a +3 halberd
Armour
 b - a +0 robe
 e - a +0 scale mail (melded)
 x - a +0 cloak (melded)
 y - a +1 hat
 A - a +0 pair of boots (melded)
 E - a +0 helmet (melded)
 I - a +0 cloak
Jewellery
 l - an amulet of magic regeneration (around neck)
 t - an uncursed ring of ice
Wands
 D - a wand of flame (23)
 G - a wand of acid (5)
Scrolls
 c - 5 scrolls of teleportation
 d - 5 scrolls of amnesia {unknown}
 g - 8 scrolls of remove curse {unknown}
 k - a scroll of magic mapping {unknown}
 n - a scroll of enchant armour {unknown}
 o - a scroll of brand weapon {unknown}
 r - 3 scrolls of immolation {unknown}
 s - a scroll of fog {unknown}
Potions
 f - 2 potions of brilliance
 j - 2 potions of magic
 m - a potion of haste
 v - 3 potions of lignification
 w - a potion of resistance
 B - a potion of berserk rage
 C - a potion of attraction
 H - 2 potions of flight {unknown}


   Skills:
 - Level 3.6 Fighting
 + Level 13.2 Axes
 * Level 8.6 Armour
 - Level 2.4 Dodging
 - Level 1.5 Stealth


You had 8 spell levels left.
You didn't know any spells.
Your spell library contained the following spells:

 Spells                   Type           Power        Failure   Level
 Corona                   Hex            0%           36%         1
 Magic Dart               Conj           0%           36%         1
 Ensorcelled Hibernation  Hex/Ice        0%           50%         2
 Searing Ray              Conj           0%           50%         2
 Confusing Touch          Hex            0%           75%         3
 Dazzling Flash           Conj/Hex       0%           75%         3
 Gell's Gravitas          Tloc           0%           75%         3
 Tukima's Dance           Hex            0%           75%         3
 Fulminant Prism          Conj/Hex       0%           98%         4
 Iskenderun's Mystic Bla  Conj/Tloc      0%           98%         4
 Petrify                  Tmut/Erth      0%           98%         4
 Metabolic Englaciation   Hex/Ice        0%           100%        5
 Yara's Violent Unravell  Hex/Tmut       0%           100%        5


Dungeon Overview and Level Annotations

Branches:
Dungeon (8/15)             Temple (0/1) D:7
   Lair: D:8-11

Altars:
Ashenzari
Cheibriados
Elyvilon
Hepliaklqana
Makhleb
Qazlal
Ru
Sif Muna
Vehumet
Yredelemnul
The Shining One


Message History

Your orc hits Zartorak but does no damage.
You barely miss Zartorak.
Zartorak is severely wounded.
Zartorak hits you with a +2 dagger of protection.
* * * LOW HITPOINT WARNING * * *
Evoke which item? (* to show all) (? for menu, Esc to quit)
Okay, then.
Unknown command.
You hit Zartorak.
Zartorak is severely wounded.
Your orc hits Zartorak with a +0 dagger.
Zartorak hits your orc but does no damage.
You completely miss Zartorak.
Zartorak is severely wounded.
Your orc closely misses Zartorak.
You closely miss Zartorak.
Zartorak is severely wounded.
Zartorak hits you with a +2 dagger of protection!
You die...
Beogh appreciates Zartorak's killing of a heretic priest.

#.............#
######.............#
#..................#
#..................#
#..................#
#..................#
#(.(.###############
#...(#...).........
####))().oo♣.......
#....#.............
#....##############
#....# #....# #....#
##+#.' ..


You could see Zartorak the orc warrior (corroded) and a friendly orc.

Vanquished Creatures
  Sigmund (D:2)
  A yak (D:7)
  A water moccasin (D:5)
  A centaur (D:5)
  3 ogres
  A big kobold (D:7)
  3 bullfrogs
  A scorpion (D:5)
  3 wights (D:7)
  A howler monkey (D:4)
  A centaur zombie (D:7)
  A bullfrog skeleton (D:4)
  2 orc priests
  5 hounds
  An iguana (D:6)
  Terence (D:2)
  4 orc wizards
  2 worker ants
  9 gnolls
  A howler monkey skeleton (D:5)
  8 adders
  4 shadow imps
  2 white imps
  An ufetubus (D:6)
  An adder skeleton (D:4)
  7 worms
  A dart slug (D:2)
  2 leopard geckos
  21 orcs
  6 giant cockroaches
  3 goblins (D:2)
  4 hobgoblins
  7 jackals
  4 quokkas
  A ball python (D:2)
  7 bats
  5 frilled lizards
  10 kobolds
  A quokka skeleton (D:7)
  11 rats
149 creatures vanquished.

Vanquished Creatures (collateral kills)
  A wyvern (D:7)
  An ogre (D:8)
  A centaur (D:8)
  A gnoll sergeant (D:8)
  A wight (D:7)
  A howler monkey (D:8)
  Crazy Yiuf (D:7)
  A hound (D:8)
  A jelly (D:8)
  A centaur skeleton (D:7)
  A worker ant zombie (D:8)
  2 gnolls (D:8)
  An ufetubus (D:7)
  2 orcs
16 creatures vanquished.

Vanquished Creatures (others)
  Erica (D:8)
  A centaur (D:5)
  2 orc wizards
  4 orcs
8 creatures vanquished.

Grand Total: 173 creatures vanquished

Notes
Turn   | Place    | Note
-------+----------+-------------------------------------------
     0 | D:1      | anything the Hill Orc Monk began the quest for the Orb.
     0 | D:1      | Reached XP level 1. HP: 19/19 MP: 1/1
   160 | D:1      | Reached XP level 2. HP: 26/26 MP: 2/2
   211 | D:1      | You fall into a shaft and drop 1 floor!
   247 | D:2      | Reached skill level 5 in Axes
   719 | D:2      | Noticed Sigmund
   739 | D:2      | Noticed Terence
   740 | D:2      | Killed Sigmund
   741 | D:2      | Reached skill level 8 in Axes
   741 | D:2      | Reached XP level 3. HP: 26/31 MP: 3/3
   741 | D:2      | Reached XP level 4. HP: 33/39 MP: 4/4
   741 | D:2      | Reached XP level 5. HP: 38/45 MP: 5/5
   782 | D:2      | Killed Terence
  1511 | D:2      | Noticed a water elemental
  1513 | D:2      | Found a stormy altar of Qazlal.
  1514 | D:2      | Noticed a fire elemental
  1514 | D:2      | Noticed an air elemental
  1847 | D:2      | Reached XP level 6. HP: 49/51 MP: 6/6
  2451 | D:1      | Found a glowing golden altar of the Shining One.
  2796 | D:3      | Reached skill level 9 in Axes
  3345 | D:4      | Reached XP level 7. HP: 44/57 MP: 7/7
  3508 | D:4      | Reached skill level 10 in Axes
  3508 | D:4      | Reached skill level 1 in Armour
  3629 | D:4      | Found a radiant altar of Vehumet.
  3656 | D:4      | Found a hazy altar of Hepliaklqana.
  3819 | D:4      | Found a burning altar of Makhleb.
  4084 | D:5      | Entered Level 5 of the Dungeon
  4085 | D:5      | Became a worshipper of Beogh the Brigand
  4085 | D:5      | Reached * piety under Beogh
  4085 | D:5      | Reached ** piety under Beogh
  4114 | D:5      | HP: 4/85 [shadow imp (2)]
  4506 | D:5      | Found a snail-covered altar of Cheibriados.
  4539 | D:5      | Reached skill level 11 in Axes
  4539 | D:5      | Reached XP level 8. HP: 51/64 MP: 8/8
  5028 | D:5      | Found a sacrificial altar of Ru.
  5277 | D:6      | Reached skill level 5 in Armour
  5474 | D:6      | Reached *** piety under Beogh
  5516 | D:6      | Found a white marble altar of Elyvilon.
  5795 | D:6      | Found a shimmering blue altar of Sif Muna.
  6175 | D:7      | Reached skill level 12 in Axes
  6374 | D:7      | Found a runed translucent door.
  6375 | D:7      | Noticed Crazy Yiuf
  6484 | D:7      | Reached XP level 9. HP: 70/70 MP: 9/9
  6504 | D:7      | Found a staircase to the Ecumenical Temple.
  6539 | D:7      | Found a snail-covered altar of Cheibriados.
  6739 | D:7      | Found a broken altar of Ashenzari.
  6859 | D:7      | Found a basalt altar of Yredelemnul.
  7312 | D:7      | Killed Crazy Yiuf
  7511 | D:8      | Gained Zartorak as an ally
  7757 | D:8      | Noticed Erica
  7766 | D:8      | Was placed under penance by Beogh
  7774 | D:8      | Killed Erica
  7775 | D:8      | Reached skill level 13 in Axes
  8098 | D:8      | Slain by Zartorak the orc warrior

Illustrated notes

Levels and vault maps discovered:
D:1:      lightli_arrival_chessboard, layout_rooms, tso_altar
D:2:      layout_basic, nicolae_qazlal_style_of_elements, uniq_sigmund,
          uniq_terence
D:3:      layout_rooms
D:4:      layout_loops_ring, nicolae_overflow_crystal_walls,
          makhleb_blood_cavern_becter, lemuel_crystal_altar,
          corexii_corridor_pit
D:5:      layout_cave_pools, nicolae_ru_the_path_less_chosen, basic_altar
D:6:      cheibrodos_quashed, layout_loops_ring, lemuel_crystal_altar,
          elyvilon_altar_5
D:7:      kennysheep_big_flooded_room, layout_cave_pools, minitemple,
          minmay_temple_entry_tees, cheibrodos_worm_habitat,
          uniq_crazy_yiuf_cottage
D:8:      layout_gridville, nrook_uturn, uniq_harold, uniq_maurice, uniq_erica

Skill      XL: |  1  2  3  4  5  6  7  8  9 |
---------------+----------------------------+-----
Axes           | 8 9 11 12 13 | 13.2
Armour         | 4 6 8 |  8.6
Fighting       | |  3.6
Dodging        | |  2.4
Stealth        | |  1.5

Action                   |  1- 3 |  4- 6 |  7- 9 || total
-------------------------+-------+-------+-------++-------
Melee: Hand axe          |    65 |   166 |       ||   231
       War axe           |       |    58 |   285 ||   343
Throw: Throwing net      |       |     2 |     1 ||     3
Invok: Convert to Beogh  |       |       |     1 ||     1
Evoke: Wand              |       |       |     2 ||     2
  Use: Potion            |     1 |     1 |     7 ||     9
       Scroll            |       |       |    10 ||    10
 Stab: Sleeping          |     3 |       |       ||     3
       Distracted        |       |       |     2 ||     2
       Held in net/web   |       |       |     2 ||     2
Armor: Robe              |    12 |     5 |       ||    17
       Scale mail        |       |    81 |   173 ||   254
       Skin              |       |       |     1 ||     1
Dodge: Dodged            |    47 |    88 |   170 ||   305

Table legend: (Time is in decaauts)
 A = Elapsed time spent in this place.
 B = Non-inter-level travel time spent in this place.
 C = Inter-level travel time spent in this place.
 D = Time resting spent in this place.
 E = Time spent auto-exploring this place.
 F = Levels seen in this place.
 G = Mean time per level.
                   A        B        C        D        E       F      G
               +--------+--------+--------+--------+--------+-----+--------+
         Total |   8110 |   7835 |    275 |   1926 |   4761 |   8 | 1013.8 |
       Dungeon |   8110 |   7835 |    275 |   1926 |   4761 |   8 | 1013.8 |
               +--------+--------+--------+--------+--------+-----+--------+

Top non-repeatable levels by time:
     D:2: 2047 daAuts
     D:7: 1518 daAuts
     D:4: 1097 daAuts
     D:5: 820 daAuts
     D:6: 770 daAuts
     D:3: 723 daAuts
     D:8: 636 daAuts
     D:1: 496 daAuts
